 Dungeon Crawl Stone Soup version 0.30.1-4-g462c640d31 (webtiles) character file.

Game seed: 2141888232863943884

293 Descartes the Trooper (level 6, -4/32 HPs)
             Began as a Vine Stalker Fighter on Aug 17, 2023.
             Killed by nerve-wracking pain
             ... invoked by an orc priest
              (6 damage)
             ... on level 4 of the Dungeon.
             The game lasted 00:03:19 (2292 turns).

Descartes the Trooper (Vine Stalker Fighter)        Turns: 2292, Time: 00:03:19

Health: -4/32      AC:  9    Str: 21    XL:     6   Next: 33%
Magic:  0/10       EV:  9    Int:  8    God:
Gold:   189        SH:  5    Dex: 13    Spells: 9/9 levels left

rFire   . . .        a - +0 war axe
rCold   . . .        c - +0 buckler
rNeg    . . .        b - +0 scale mail
rPois   .            i - +0 helmet
rElec   .            n - +0 cloak
rCorr   .            (no gloves)
SInv    .            (no boots)
Will    .....        (no amulet) Stlth
                     (no ring)
HPRegen 1.05/turn    (no ring)
MPRegen 0.12/turn

%: guardian spirit
@: no status effects
A: fangs 2, regeneration 1, magic shield, antimagic bite, no potion heal 2
a: no special abilities


You were on level 4 of the Dungeon.
You visited 1 branch of the dungeon, and saw 4 of its levels.

You collected 189 gold pieces.

Inventory:

Hand Weapons
 a - a +0 war axe (weapon)
Missiles
 m - 8 poisoned darts (quivered)
Armour
 b - a +0 scale mail (worn)
 c - a +0 buckler (worn)
 i - a +0 helmet (worn)
 n - a +0 cloak (worn)
Scrolls
 e - 3 scrolls of identify {unknown}
 g - a scroll of teleportation {unknown}
 h - a scroll of poison {unknown}
 j - 2 scrolls of magic mapping {unknown}
 l - 3 scrolls of immolation {unknown}
 o - a scroll of blinking {unknown}
Potions
 d - a potion of might
 f - a potion of berserk rage {unknown}
 k - 2 potions of flight {unknown}
 p - 2 potions of mutation {unknown}
 q - 2 potions of heal wounds {unknown}
 r - 2 potions of brilliance {unknown}
 s - 2 potions of degeneration {unknown}
 t - a potion of curing {unknown}


   Skills:
 + Level 3.6 Fighting
 + Level 2.8 Axes
 + Level 3.1 Armour
 + Level 3.5 Shields
 + Level 2.2 Spellcasting
 + Level 1.9 Evocations


You had 9 spell levels left.
You didn't know any spells.
Your spell library was empty.

Dungeon Overview and Level Annotations

Branches:
Dungeon (4/15)
 Temple: D:4-7

Altars:

Shops:
D:1 =   D:4 =


Innate Abilities, Weirdness & Mutations

You have extremely sharp teeth.
Your natural rate of healing is unusually fast.
When hurt, damage is shared between your health and your magic reserves.
Your bite disrupts and absorbs the magic of your enemies.
Potions cannot restore your health.


Message History

The orc priest hits you with a +0 dagger.
* * * LOW HITPOINT WARNING * * *
The orc hits you with a +0 hand axe.
* * * LOW HITPOINT WARNING * * *
You block the quokka's attack. The orc priest closely misses you.
You block the orc priest's attack. The orc hits you with a +0 hand axe.
* * * LOW HITPOINT WARNING * * *
You closely miss the orc priest. Your bite misses the orc priest.
You slash the orc!
You kill the orc!
You barely miss the quokka. You block the quokka's attack.
The orc priest hits you but does no damage.
The orc priest barely misses you.
Unknown command.
You closely miss the orc priest.
You bite the orc priest, but do no damage.
You closely miss the quokka. You block the quokka's attack.
The orc priest hits you from afar with a +1 trident of holy wrath.
* * * LOW HITPOINT WARNING * * *
The orc priest barely misses you. The quokka bites you.
* * * LOW HITPOINT WARNING * * *
You slash the orc priest!
The orc priest is heavily wounded.
You barely miss the quokka.
The quokka bites you but does no damage.
The orc priest closely misses you.
The orc priest hits you with a +0 dagger.
* * * LOW HITPOINT WARNING * * *
The quokka bites you.
* * * LOW HITPOINT WARNING * * *
The orc priest hits you but does no damage.
The orc attacks as you move away!
The orc hits you with a +1 heavy hand axe.
* * * LOW HITPOINT WARNING * * *
Found a robe.
The quokka bites you but does no damage.
The orc priest looks encouraged for a moment.
The orc priest calls down the wrath of Beogh upon you.
Pain shoots through your body!
You die...

.........####
...........[
...........##
............#
[...........#
...[........#
............#
......o@ro..#
....∩.?o....#
.............# #........
............?####........
.............# #.........
............## #.........
............# ##.........
...........####..........
#..........##............


You could see 2 orc priests, an orc and a quokka.

Vanquished Creatures
  Sigmund (D:3)
  An orc wizard (D:3)
  An iguana (D:3)
  3 adders (D:3)
  A worm (D:3)
  3 dart slugs
  5 orcs
  2 endoplasms
  2 giant cockroaches (D:3)
  6 goblins
  2 hobgoblins
  5 jackals
  2 ball pythons
  3 bats
  2 frilled lizards
  9 kobolds
  8 rats
56 creatures vanquished.

Vanquished Creatures (others)
  A quokka (D:4)
1 creature vanquished.

Grand Total: 57 creatures vanquished

Notes
Turn   | Place    | Note
-------+----------+-------------------------------------------
     0 | D:1      | Descartes the Vine Stalker Fighter began the quest for the
                  | Orb.
     0 | D:1      | Reached XP level 1. HP: 11/11 MP: 2/2
   144 | D:1      | Reached XP level 2. HP: 16/16 MP: 3/3
   153 | D:1      | Found Siklan's Jewellery Boutique.
   561 | D:2      | Reached XP level 3. HP: 19/19 MP: 5/5
  1503 | D:3      | Reached skill level 1 in Spellcasting
  1503 | D:3      | Reached skill level 1 in Evocations
  1503 | D:3      | Gained mutation: Your natural rate of healing is unusually
                  | fast. [Vine Stalker growth]
  1503 | D:3      | Reached XP level 4. HP: 13/24 MP: 2/6
  1592 | D:3      | Reached XP level 5. HP: 22/28 MP: 3/8
  1671 | D:3      | Noticed Sigmund
  1695 | D:3      | Killed Sigmund
  1696 | D:3      | Reached XP level 6. HP: 21/32 MP: 5/10
  2273 | D:4      | Found Jinkaxt's Jewellery Shop.
  2292 | D:4      | HP: 1/32 [orc/+1 heavy hand axe (2)]
  2292 | D:4      | Killed from afar by an orc priest

Illustrated notes

Levels and vault maps discovered:
D:1:      dpeg_arrival_tiny_g, layout_rooms, serial_shops,
          nicolae_shop_hallway_plus, kennysheep_decorative_pillar
D:2:      layout_basic, minmay_door_square, corexii_corridor_pit,
          serial_bayou_lagoon_b
D:3:      layout_loops_ring, dk_vineyard_2, bh_walls_and_bars, uniq_sigmund
D:4:      layout_cave_pods, elyvilon_altar_4, serial_shops, shop

Skill      XL: |  1  2  3  4  5 |
---------------+----------------+-----
Axes           | 2 |  2.8
Fighting       | 3 |  3.6
Shields        | 3 |  3.5
Spellcasting   | 1 2 |  2.2
Evocations     | 1 |  1.9
Armour         | 3 |  3.1

Action                     |  1- 3 |  4- 6 || total
---------------------------+-------+-------++-------
  Melee: War axe           |    71 |    79 ||   150
         Bite              |    19 |    19 ||    38
 Armour: Scale mail        |    34 |    48 ||    82
  Dodge: Dodged            |    36 |    46 ||    82
  Block: Buckler           |    20 |    17 ||    37
